 Dungeon Crawl Stone Soup version 0.27-a0-1140-g099f9bb0e8 (webtiles) character file.

Game seed: 5353020720667723083

10083 tilp the Frost Mage (level 11, -11/89 HPs)
             Began as a Demigod Ice Elementalist on May 9, 2021.
             Shot with an arrow by a centaur (14 damage)
             ... on level 11 of the Dungeon.
             The game lasted 00:33:41 (13970 turns).

tilp the Frost Mage (Demigod Ice Elementalist)     Turns: 13970, Time: 00:33:41

Health: -11/89     AC:  8    Str:  9    XL:     11   Next: 10%
Magic:  0/33       EV: 14    Int: 29    God:
Gold:   606        SH:  0    Dex: 14    Spells: 7/22 levels left

rFire    . . .     SeeInvis +   b - +2 whip (elec)
rCold    . . .     Faith    .   (no shield)
rNeg     . . .     Spirit   +   c - +1 robe
rPois    +         Reflect  .   N - +2 hat {SInv}
rElec    .         Harm     .   S - +0 cloak
rCorr    .         Rampage  .   (no gloves)
Will     +....                  s - +1 pair of boots
Stlth    +++.......             l - amulet of guardian spirit
HPRegen  0.24/turn              o - ring of magical power
MPRegen  0.23/turn              p - ring of poison resistance

@: no status effects
A: high mp 1, forlorn
a: no special abilities


You were on level 11 of the Dungeon.
You visited 1 branch of the dungeon, and saw 11 of its levels.

You collected 750 gold pieces.
You spent 144 gold pieces at shops.

Inventory:

Hand Weapons
 b - a +2 whip of electrocution (weapon)
 g - a +0 dagger
 y - a +2 dagger of draining
 B - a +4 quarterstaff of chaos
 L - the +1 rapier of Cuol {flame, Str+2}
   (You took it off a gnoll shaman on level 8 of the Dungeon)

   It has been specially enchanted to burn those struck by it, causing extra
   injury to most foes and up to half again as much damage against particularly
   susceptible opponents.
   It affects your strength (+2).
 T - the +5 halberd "Grim Tooth" {vorpal, Int+6}
   (You took it off a kobold brigand on level 9 of the Dungeon)

   It inflicts extra damage upon your enemies.
   It affects your intelligence (+6).
Missiles
 e - 6 curare-tipped darts {!f}
 q - 20 boomerangs
 v - 94 poisoned darts (quivered)
 K - 3 throwing nets {!f}
Armour
 c - a +1 robe (worn)
 k - a +0 leather armour
 s - a +1 pair of boots (worn)
 C - a scarf of repulsion
 I - a +0 kite shield
 N - a +2 hat of see invisible (worn)
 S - a +0 cloak (worn)
Magical Staves
 a - a staff of cold
 G - a staff of conjuration
Jewellery
 l - an amulet of guardian spirit (around neck)
 o - a ring of magical power (left hand)
 p - a ring of poison resistance (right hand)
 z - a ring of see invisible
 A - a ring of magical power
 R - a +6 ring of strength
Wands
 i - a wand of iceblast (38)
 t - a wand of flame (23)
 H - a wand of paralysis (8)
Scrolls
 f - 5 scrolls of teleportation
 u - a scroll of magic mapping
 w - 3 scrolls of silence
 D - 3 scrolls of brand weapon
 J - a scroll of enchant weapon
 O - 2 scrolls of fog
 P - a scroll of amnesia
 V - a scroll of vulnerability {unknown}
 X - a scroll of identify
Potions
 d - 2 potions of might
 h - 5 potions of brilliance
 j - a potion of berserk rage
 m - 5 potions of invisibility
 n - 4 potions of flight
 r - 2 potions of haste
 x - a potion of cancellation
 E - 2 potions of curing
 F - 2 potions of magic
 M - a potion of heal wounds
 W - a potion of ambrosia {unknown}


   Skills:
 - Level 6.0 Fighting
 - Level 6.0 Dodging
 - Level 4.0 Stealth
 - Level 6.0 Spellcasting
 - Level 4.0 Conjurations
 - Level 4.0 Summonings
 + Level 10.5 Ice Magic
 - Level 4.0 Evocations


You had 7 spell levels left.
You knew the following spells:

 Your Spells              Type           Power      Damage    Failure   Level
a - Freeze                Ice            100%       1d11      1%          1
b - Frozen Ramparts       Ice            100%       1d12      1%          3
c - Ozocubu's Armour      Ice            62%        N/A       1%          3
d - Hailstorm             Conj/Ice       50%        3d11      2%          4
e - Summon Ice Beast      Ice/Summ       50%        N/A       2%          4

Your spell library contained the following spells:

 Spells                   Type           Power      Damage    Failure   Level
 Magic Dart               Conj           100%       1d8       1%          1
 Summon Small Mammal      Summ           100%       N/A       1%          1
 Call Imp                 Summ           31%        N/A       1%          2
 Searing Ray              Conj           62%        3d5       1%          2
 Call Canine Familiar     Summ           31%        N/A       3%          3
 Animate Skeleton         Necr           16%        N/A       5%          1
 Pain                     Necr           32%        1d5       5%          1
 Sandblast                Erth           16%        2d6       5%          1
 Dazzling Flash           Conj/Hex       40%        N/A       8%          3
 Stone Arrow              Conj/Erth      40%        3d9       8%          3
 Summon Guardian Golem    Hex/Summ       20%        N/A       8%          3
 Passwall                 Tmut/Erth      6%         N/A       9%          2
 Vampiric Draining        Necr           4%         2d6       17%         3
 Metabolic Englaciation   Hex/Ice        19%        N/A       19%         5
 Fulminant Prism          Conj/Hex       10%        3d9       24%         4
 Iskenderun's Mystic Bla  Conj/Tloc      20%        2d6       24%         4
 Summon Lightning Spire   Summ/Air       20%        N/A       24%         4
 Iskenderun's Battlesphe  Conj           31%        2d8       30%         5
 Animate Dead             Necr           4%         N/A       50%         4
 Petrify                  Tmut/Erth      8%         N/A       50%         4
 Bolt of Magma            Conj/Fire/Erth 8%         4d6       67%         5
 Agony                    Necr           8%         N/A       83%         5
 Lee's Rapid Deconstruct  Erth           4%         3d6*      83%         5
 Iron Shot                Conj/Erth      10%        9d3       98%         6
 Orb of Destruction       Conj           15%        9d7       100%        7
 Spellforged Servitor     Conj/Summ      15%        N/A       100%        7


Dungeon Overview and Level Annotations

Branches:
Dungeon (11/15)            Temple (0/1) D:7             Orc (0/2) D:10
   Lair: D:8-11

Shops:
D:1 *   D:4 (   D:5 *

Annotations:
D:7 2 transporters, kae's ghost, novice DsGl
D:9 3 exclusions
D:10 exclusion: ugly thing, Joseph; Nergalle


Innate Abilities, Weirdness & Mutations

Your attributes grow dramatically as you level up.
You have an increased reservoir of magic. (+10% MP)
You shall have no god before yourself.


Message History

Your ice beast freezes the vampire mosquito!
The vampire mosquito is destroyed!
As you read the scroll labelled VINIOG LACUOSS, it crumbles to dust.
You assume a fearsome visage.
The unseen horror looks frightened!
The vampire mosquito is unaffected. x2; The orc looks frightened!
It was a scroll of fear.
The vampire mosquito misses you. x2
The vampire mosquito barely misses you.
The vampire mosquito closely misses you.
As you read the scroll labelled YRHITH AZUILUM, it crumbles to dust.
You speak a Word of immense power!
The vampire mosquito convulses!
You destroy the vampire mosquito!
The vampire mosquito convulses!
You destroy the vampire mosquito!
It was a scroll of holy word.
Unknown command.
Your icy armour will break if you move.
Continue?
Uppercase [Y]es or [N]o only, please.
Your icy armour will break if you move.
Continue?
Okay, then.
Your icy armour will break if you move.
Continue?
Your icy armour cracks and falls away as you move.
Found 16 arrows.
A centaur comes into view. x2
The centaur moves out of view.
Found a falchion.
Found a stone staircase leading down. 2 centaurs come into view.
The centaur wields a +0 shortbow.
The centaur shoots an arrow.
The arrow hits you.
* * * LOW HITPOINT WARNING * * *
The centaur shouts!
Found a scroll of identify.
A centaur comes into view.
The centaur shouts!
You hear a shout!
The centaur wields a +0 shortbow.
The centaur shoots an arrow.
The arrow misses you.
The centaur wields a +0 shortbow.
The centaur shoots an arrow.
The arrow hits you.
* * * LOW HITPOINT WARNING * * *
The centaur wields a +0 shortbow.
The centaur shoots an arrow.
The arrow hits you!
You die...

. .. #......c.#. ##
..###.......... .
......).>..c..#♣ # .
.......c...c.#?
.###....####.......c...##
.....#...............(..#
...............<.........
................@....# #
.####.........#.....## #.##
.# #.........#..YY.###)o^..
.# #................).(....
.# ##.........#........)....
####..)..............†.)....
##............##............
...##.........##............
.####.........#..##.........


You could see 5 centaurs and 2 friendly ice beasts.

Vanquished Creatures
  2 two-headed ogres
  Pikel (D:5)
  Maggie (D:9)
  A troll (D:10)
  2 hornets
  Prince Ribbit (D:5)
  A shadow (D:9)
  A spriggan (D:8)
  A vampire (D:10)
  A wraith (D:10)
  6 yaks (D:8)
  A basilisk (D:9)
  2 vampire mosquitoes (D:11)
  2 water moccasins (D:5)
  10 orc warriors
  A sky beast (D:5)
  2 necrophages
  6 ogres
  2 centaurs (D:7)
  2 phantoms (D:6)
  2 lemures (D:5)
  6 kobold brigands
  3 bullfrogs
  6 gnoll sergeants
  A water moccasin skeleton (D:5)
  A killer bee (D:9)
  4 wights (D:9)
  4 howler monkeys
  4 electric eels
  A bullfrog zombie (D:5)
  A centaur zombie (D:7)
  2 orc priests
  Crazy Yiuf (D:5)
  2 gnoll shamans
  8 hounds
  A jelly (D:4)
  An iguana (D:7)
  A bullfrog skeleton (D:7)
  11 orc wizards
  A howler monkey skeleton (D:7)
  20 gnolls
  5 adders
  A shadow imp (D:5)
  3 white imps
  An ufetubus (D:4)
  3 worms
  2 dart slugs
  36 orcs
  7 endoplasms
  3 giant cockroaches
  5 hobgoblins
  15 jackals
  20 kobolds
  2 quokkas
  6 ball pythons
  5 bats
  3 frilled lizards
  7 goblins
  8 rats
259 creatures vanquished.

Vanquished Creatures (collateral kills)
  Psyche (D:8)
  2 vampire mosquitoes (D:11)
  A black bear (D:8)
4 creatures vanquished.

Vanquished Creatures (others)
  An orc wizard (D:6)
  7 plants (D:7)
  4 toadstools (D:5)
12 creatures vanquished.

Grand Total: 275 creatures vanquished

Notes
Turn   | Place    | Note
-------+----------+-------------------------------------------
     0 | D:1      | tilp the Demigod Ice Elementalist began the quest for the
                  | Orb.
     0 | D:1      | Reached XP level 1. HP: 14/14 MP: 5/5
   309 | D:1      | Reached skill level 4 in Ice Magic
   311 | D:1      | Reached XP level 2. HP: 19/20 MP: 2/7
   447 | D:1      | Found Tasaagear's Assorted Antiques.
   635 | D:1      | Reached skill level 1 in Fighting
   904 | D:1      | Reached XP level 3. HP: 26/28 MP: 6/8
   936 | D:1      | Learned a level 3 spell: Ozocubu's Armour
   999 | D:1      | Bought a scroll labelled CINOTA OSY for 25 gold pieces
  2209 | D:1      | Bought a fizzy pink potion for 22 gold pieces
  2209 | D:1      | Bought a scroll labelled TISTRU REMOAMN for 25 gold pieces
  2387 | D:3      | Noticed an orc warrior
  2391 | D:3      | Reached XP level 4. HP: 34/36 MP: 5/10
  2447 | D:2      | Learned a level 3 spell: Frozen Ramparts
  2519 | D:3      | Killed an orc warrior
  2520 | D:3      | Reached skill level 5 in Ice Magic
  2520 | D:3      | Reached XP level 5. HP: 16/41 MP: 2/12
  3191 | D:3      | Noticed a necrophage
  3437 | D:3      | Killed a necrophage
  3438 | D:3      | Reached XP level 6. HP: 37/48 MP: 14/14
  3443 | D:3      | Learned a level 4 spell: Hailstorm
  3930 | D:1      | Bought a red potion for 22 gold pieces
  3976 | D:1      | Bought a scroll labelled MAIREEPT HOQAG for 25 gold pieces
  4008 | D:4      | Found Hypori's Antique Weapon Shop.
  4086 | D:4      | Reached skill level 6 in Ice Magic
  4800 | D:1      | Bought a scroll labelled NEWKO VICHAOWU for 25 gold pieces
  4860 | D:5      | Entered Level 5 of the Dungeon
  4911 | D:5      | Noticed Pikel
  5067 | D:5      | Killed Pikel
  5068 | D:5      | Reached skill level 8 in Ice Magic
  5068 | D:5      | Reached XP level 7. HP: 38/55 MP: 10/16
  5083 | D:5      | Reached skill level 1 in Conjurations
  5083 | D:5      | Reached skill level 1 in Evocations
  5206 | D:5      | Noticed Prince Ribbit
  5251 | D:5      | Killed Prince Ribbit
  5252 | D:5      | Reached XP level 8. HP: 61/61 MP: 17/17
  5360 | D:5      | Found Rogupo's Serpentskin Sales.
  6142 | D:5      | Found a runed translucent door.
  6143 | D:5      | Noticed Crazy Yiuf
  6354 | D:5      | Killed Crazy Yiuf
  6673 | D:6      | Learned a level 4 spell: Summon Ice Beast
  7337 | D:7      | Reached XP level 9. HP: 65/70 MP: 18/18
  7443 | D:7      | Found a transporter.
  7492 | D:7      | Found a transporter.
  7492 | D:7      | Noticed kae's ghost (novice DsGl)
  7495 | D:7      | Noticed a two-headed ogre
  7503 | D:7      | Killed a two-headed ogre
  7504 | D:7      | Reached skill level 5 in Dodging
  7911 | D:7      | Identified a scroll of acquirement
  7912 | D:7      | Acquired a staff of conjuration
  8020 | D:7      | Found a staircase to the Ecumenical Temple.
  8057 | D:7      | Reached skill level 5 in Fighting
  8671 | D:8      | Noticed Psyche
  8677 | D:8      | Killed Psyche
  8988 | D:8      | Reached XP level 10. HP: 83/83 MP: 4/19
  8989 | D:8      | Reached skill level 1 in Summonings
  9577 | D:8      | Identified the +1 rapier of Cuol {flame, Str+2}
 10532 | D:8      | Acquired a staff of cold
 10603 | D:9      | Noticed Maggie
 10611 | D:9      | Killed Maggie
 10709 | D:9      | Reached skill level 9 in Ice Magic
 11243 | D:9      | Reached skill level 5 in Spellcasting
 11623 | D:9      | Noticed a two-headed ogre
 11625 | D:9      | Noticed a death knight
 11671 | D:9      | Identified the +5 halberd "Grim Tooth" {vorpal, Int+6}
 11829 | D:9      | Noticed a seven-headed hydra
 11829 | D:9      | Noticed a wizard
 11829 | D:9      | Noticed a deep elf pyromancer
 11829 | D:9      | Noticed a seven-headed hydra
 11926 | D:9      | Killed a two-headed ogre
 11988 | D:10     | Entered Level 10 of the Dungeon
 12014 | D:10     | Noticed Joseph
 12552 | D:10     | Noticed a white ugly thing
 12582 | D:10     | Noticed Nergalle
 12771 | D:10     | Found a staircase to the Orcish Mines.
 12798 | D:10     | Reached skill level 10 in Ice Magic
 12822 | D:10     | Reached XP level 11. HP: 49/89 MP: 2/24
 13964 | D:11     | HP: 4/89 [vampire mosquito (3)]
 13970 | D:11     | HP: 3/89 [centaur/arrow (2)]
 13970 | D:11     | Shot with an arrow by a centaur

Illustrated notes

Levels and vault maps discovered:
D:1:      scummos_arrival_hexagon, layout_basic, serial_shops,
          nicolae_shop_crystal
D:2:      layout_basic, minmay_distorted
D:3:      layout_loops_ring, grunt_gozag_breadcrumbs, minmay_pentomino_pile
D:4:      layout_rooms, serial_shops, nicolae_shop_crystal,
          chequers_serial_rivers_small_b
D:5:      layout_rooms, minmay_gold_behind_fungi, guppyfry_shop_venom,
          uniq_pikel, uniq_crazy_yiuf_cottage, uniq_prince_ribbit1
D:6:      layout_rooms, old_standard_altar
D:7:      layout_basic, elyvilon_altar_4, minmay_temple_entry_gardened_gates,
          gammafunk_ghost_mausoleum, fountainhead, serial_park_tiny_pond
D:8:      layout_cave_pools, serial_gnoll_camp, gnoll_camp_mini_doghouse,
          gnoll_camp_mini_hut, gnoll_camp_mini_doghouse, gnoll_camp_medium_01,
          gnoll_camp_mini_sergeant, the_hattery, uniq_psyche
D:9:      minmay_the_grid_triangle_9x9_recursive_2
          [minmay_the_grid_triangle_9x9_prize_insulated,
          minmay_the_grid_triangle_9x9_warning,
          minmay_the_grid_triangle_9x9_negative_grid,
          minmay_the_grid_triangle_9x9_impossible_snake], layout_irregular_city,
          disabler_island, uniq_maggie
D:10:     layout_loops_corners, lemuel_doored_altar,
          kennysheep_orc_monster_closet_entryway, uniq_joseph, uniq_nergalle
D:11:     layout_rooms, lair_entry_dummy, gammafunk_ghost_abyssal_escape

Skill      XL: |  1  2  3  4  5  6  7  8  9 10 |
---------------+-------------------------------+-----
Spellcasting   | 2 3 4 6 |  6.0
Ice Magic      | 4 5 8 10 | 10.5
Dodging        | 2 3 6 |  6.0
Stealth        | 2 3 4 |  4.0
Fighting       | 1 2 3 6 |  6.0
Conjurations   | 2 4 |  4.0
Evocations     | 2 4 |  4.0
Summonings     | 4 |  4.0

Action                   |  1- 3 |  4- 6 |  7- 9 | 10-12 || total
-------------------------+-------+-------+-------+-------++-------
Melee: Dagger            |    26 |    84 |   122 |       ||   232
       Unarmed           |     1 |       |       |       ||     1
       Whip              |       |       |    89 |    79 ||   168
       Staff             |       |       |     8 |    46 ||    54
Throw: Stone             |     7 |     1 |       |       ||     8
       Dart              |       |     3 |    23 |    14 ||    40
       Boomerang         |       |     3 |       |       ||     3
 Cast: Freeze            |    58 |    27 |    25 |    20 ||   130
       Ozocubu's Armour  |     2 |    12 |    22 |    24 ||    60
       Frozen Ramparts   |       |    11 |    14 |    17 ||    42
       Hailstorm         |       |       |    16 |    53 ||    69
       Summon Ice Beast  |       |       |     1 |     3 ||     4
Evoke: Wand              |       |       |     2 |     3 ||     5
  Use: Scroll            |     8 |     6 |     8 |     6 ||    28
 Stab: Sleeping          |     4 |     2 |     1 |       ||     7
       Distracted        |       |     1 |       |       ||     1
Armor: Robe              |    11 |    36 |    87 |    66 ||   200
Dodge: Dodged            |    30 |    60 |   145 |   128 ||   363
       Repelled          |       |       |     2 |     1 ||     3

Table legend: (Time is in decaauts)
 A = Elapsed time spent in this place.
 B = Non-inter-level travel time spent in this place.
 C = Inter-level travel time spent in this place.
 D = Time resting spent in this place.
 E = Time spent auto-exploring this place.
 F = Levels seen in this place.
 G = Mean time per level.
                   A        B        C        D        E       F      G
               +--------+--------+--------+--------+--------+-----+--------+
         Total |  14009 |  13395 |    614 |   2696 |   8639 |  11 | 1273.5 |
       Dungeon |  14009 |  13395 |    614 |   2696 |   8639 |  11 | 1273.5 |
               +--------+--------+--------+--------+--------+-----+--------+

Top non-repeatable levels by time:
    D:10: 1917 daAuts
     D:8: 1899 daAuts
     D:3: 1603 daAuts
     D:5: 1581 daAuts
     D:9: 1425 daAuts
     D:7: 1351 daAuts
     D:2: 1268 daAuts
     D:1: 1228 daAuts
     D:6: 881 daAuts
     D:4: 768 daAuts
    D:11: 83 daAuts
